 Dungeon Crawl Stone Soup version 0.29.1-13-g9f3cf754e1 (webtiles) character file.

Game seed: 4347450524841812700

2312 octoduck the Cleaver (level 9, -4/67 HPs)
             Began as a White Draconian Artificer on Jan 28, 2023.
             Was a Believer of Ashenzari.
             Slain by an orc warrior
             ... wielding a +0 glaive
              (10 damage)
             ... in a bailey.
             The game lasted 00:33:22 (8668 turns).

octoduck the Cleaver (White Draconian Artificer)    Turns: 8668, Time: 00:33:23

Health: -4/67      AC: 13    Str: 18    XL:     9   Next: 18%
Magic:  3/9        EV: 13    Int:  8    God:    Ashenzari [**....]
Gold:   407        SH:  0    Dex: 13    Spells: 8/8 levels left

rFire   x . .      SeeInvis +   y - +2 war axe (vorpal)
rCold   + + .      Faith    .   (no shield)
rNeg    . . .      Spirit   .   (body armour unavailable)
rPois   .          Reflect  .   H - +2 hat of Toth-Mos's Legacy {Fort, Evo} (curse)
rElec   .          Harm     .   (no cloak)
rCorr   +          Rampage  .   e - +3 Mad Mage's Maulers {Infuse+∞ RegenMP Int-3, Melee, Cun} (curse)
Will    .....                   (no boots)
Stlth   ++........              g - amulet of magic regeneration
HPRegen 0.21/turn               l - ring "Annoyance of Ashenzari" {rCorr, Comp, Melee} (curse)
MPRegen 0.91/turn               G - ring of ice

@: no status effects
A: breathe frost, AC +7, unfitting armour, cold resistance 1, cold-blooded
a: Breathe Frost, Renounce Religion, Shatter the Chains


You were in a bailey.
You worshipped Ashenzari.
Ashenzari was pleased with you.
You visited 2 branches of the dungeon, and saw 9 of its levels.
You also visited: Bailey.

You collected 407 gold pieces.

Inventory:

Hand Weapons
 y - a +2 vorpal war axe (weapon)
 z - a +1 battleaxe
 F - the +1 dagger of the Asp {antimagic, Contam Fragile Int+4 Dex+6}
   (You took it off an orc wizard on level 7 of the Dungeon)

   It reduces the magical energy of the wielder, and disrupts the spells and
   magical abilities of those it strikes.
   Natural abilities and divine invocations are not affected.
   Int:       It affects your intelligence (+4).
   Dex:       It affects your dexterity (+6).
   Contam:    It causes magical contamination when unequipped.
   Fragile:   It will be destroyed if unequipped.
Missiles
 f - 12 poisoned darts
 m - 5 javelins
 C - 2 boomerangs
Armour
 e - the cursed +3 Mad Mage's Maulers (worn) {Infuse+∞ RegenMP Int-3, Melee, Cun}
   (You acquired it on level 1 of the Dungeon)

   It empowers its wearer's blows with all of their magic.
   It causes its wearer's magical reserves to regenerate more quickly.
   Int:       It affects your intelligence (-3).
   It has a curse which improves the following skills: Melee Combat: Short
   Blades, Long Blades, Axes, Maces & Flails, Polearms, Staves and Unarmed
   Combat.
   Cunning:   Dodging and Stealth.
 H - the cursed +2 hat of Toth-Mos's Legacy (worn) {Fort, Evo}
   (You found it on level 7 of the Dungeon)

   It has a curse which improves the following skills: Fortitude: Shields.
   Evocations: Evocations.
Jewellery
 g - an amulet of magic regeneration (around neck)
 l - the cursed ring "Annoyance of Ashenzari" (left hand) {rCorr, Comp, Melee}
   (You found it on level 1 of the Dungeon)

   [ring of resist corrosion]

   rCorr:     It protects you from acid and corrosion.
   It has a curse which improves the following skills: Companions: Summonings
   and Necromancy.
   Melee Combat: Short Blades, Long Blades, Axes, Maces & Flails, Polearms,
   Staves and Unarmed Combat.
 G - a ring of ice (right hand)
Wands
 b - a wand of flame (10) (quivered)
 c - a wand of charming (9)
 d - a wand of iceblast (2)
 w - a wand of roots (6)
 B - a wand of digging (1)
Scrolls
 i - 2 scrolls of magic mapping
 o - 3 scrolls of enchant armour
 r - a scroll of amnesia
 E - a scroll of vulnerability
Potions
 a - 2 potions of cancellation
 h - 3 potions of brilliance
 j - 2 potions of curing
 k - 3 potions of heal wounds
 n - 4 potions of haste
 p - a potion of might
 q - a potion of mutation
 s - a potion of ambrosia
 u - 2 potions of magic
 v - a potion of attraction
 x - a potion of lignification


   Skills:
 - Level 1.9 Fighting
 * Level 9.5(11.4) Axes
 - Level 2.1(3.1) Dodging
 - Level 0.8(1.5) Stealth
 + Level 8.2(9.5) Evocations


You had 8 spell levels left.
You didn't know any spells.
Your spell library contained the following spells:

 Spells                   Type           Power      Damage    Failure   Level
 Ensorcelled Hibernation  Hex/Ice        0%         N/A       54%         2
 Passwall                 Tmut/Erth      0%         N/A       54%         2
 Scorch                   Fire           0%         2d5       54%         2
 Confusing Touch          Hex            0%         N/A       78%         3
 Portal Projectile        Hex/Tloc       0%         N/A       78%         3
 Swiftness                Air            0%         N/A       78%         3
 Tukima's Dance           Hex            0%         N/A       78%         3
 Flame Wave               Conj/Fire      0%         2d4       99%         4
 Blade Hands              Tmut           0%         N/A       100%        5
 Yara's Violent Unravell  Hex/Tmut       0%         3d3       100%        5
 Summon Cactus Giant      Summ           0%         N/A       100%        6
 Enfeeble                 Hex            0%         N/A       100%        7


Dungeon Overview and Level Annotations

Branches:
Dungeon (8/15)             Temple (1/1) D:6            Lair (0/5) D:8
 Bailey (1/1)

Altars:
Ashenzari
Elyvilon
Fedhas
Gozag
Kikubaaqudgha
Makhleb
Nemelex Xobeh
Qazlal
Ru
Sif Muna
Trog
Uskayaw
Vehumet
Wu Jian
Xom
Yredelemnul
Zin

Annotations:
D:5 1 runed translucent door, Loveship's ghost, amateur DsTm


Innate Abilities, Weirdness & Mutations

You can breathe waves of freezing cold which knock back foes.
Your icy white scales are hard. (AC +7)
You cannot fit into any form of body armour.
Your flesh is cold resistant. (rC+)
You are cold-blooded and may be slowed by cold attacks.


Message History

The orc warrior barely misses you.
You slash the centaur!
The centaur is heavily wounded.
You barely miss the orc warrior. The centaur hits you with a +0 halberd.
The centaur closely misses you. The orc warrior closely misses you.
The centaur hits you with a +0 halberd!
The centaur kicks you but does no damage.
You barely miss the centaur. You tail-slap the centaur.
The centaur is severely wounded.
You hit the orc warrior but do no damage.
The centaur closely misses you.
The centaur kicks you but does no damage.
The orc warrior closely misses you.
You completely miss the centaur.
You punch the centaur, but do no damage.
The centaur is severely wounded.
You hit the orc warrior but do no damage.
The centaur hits you with a +0 halberd.
The centaur kicks you but does no damage.
The orc warrior hits you with a +0 glaive!
The centaur misses you. The centaur closely misses you.
You slash the centaur!
You kill the centaur!
You hit the orc warrior but do no damage.
The orc warrior misses you.
Your life force feels restored.
You closely miss the orc warrior.
The orc warrior is severely wounded.
The orc warrior hits you with a +0 glaive.
* * * LOW HITPOINT WARNING * * *
You hit the orc warrior.
The orc warrior is severely wounded.
The orc warrior misses you.
The orc warrior hits you with a +0 glaive!
* * * LOW HITPOINT WARNING * * *
There is a broken door, spattered with blood here.
The orc warrior attacks as you move away!
The orc warrior barely misses you.
The orc warrior hits you from afar with a +0 glaive!
You die...

##.≈.≈≈...))≈≈)≈.# ~
,#.≈≈.≈.≈≈≈≈≈)≈)≈≈. *
,,#.≈.≈≈.≈...≈.≈≈)≈.
#≈..#.≈.≈.≈≈...≈≈.≈.≈.
#≈..#.≈.≈.≈.⌠∩⌠.≈.≈.≈.
#≈..#.≈.≈.≈..∩..≈.≈.≈.
#≈..#.≈.≈.≈.⌠∩⌠.≈.≈.≈.
#≈..#.≈.≈.≈≈...≈≈.≈.≈.
#≈..#@≈.≈≈.≈...≈.≈≈.≈.
#≈..#.≈≈.≈.≈≈.≈≈.≈.≈≈.
#≈).o.)≈.≈≈.≈.≈.≈≈.≈..
#≈..#.....≈≈...≈≈.....
##..#......≈≈≈≈≈......
##$#≈≈≈≈...).))..≈≈≈≈
######≈≈⌠..)..⌠≈≈###
##≈≈≈...≈≈≈##
##≈≈≈≈≈≈≈##


You could see an orc warrior.

Vanquished Creatures
  Maggie (D:6)
  Eustachio (D:6)
  A steam dragon (D:7)
  Edmund (D:6)
  2 ogres
  A phantom (D:7)
  5 centaurs
  A necrophage (D:6)
  Blork the orc (D:4)
  2 scorpions
  4 wights (D:7)
  A howler monkey (D:6)
  A hound (D:7)
  A gnoll bouda (D:8)
  3 iguanas
  4 orc wizards
  10 gnolls
  4 adders
  A white imp (D:5)
  2 ufetubi
  2 worms (D:3)
  22 orcs
  3 bats
  10 endoplasms
  4 giant cockroaches
  9 goblins
  8 hobgoblins
  10 jackals
  6 kobolds
  5 quokkas
  4 ball pythons
  4 frilled lizards
  9 rats
143 creatures vanquished.

Vanquished Creatures (collateral kills)
  An orc wizard (D:7)
1 creature vanquished.

Vanquished Creatures (others)
  An orc (Bailey)
  6 withered plants
7 creatures vanquished.

Grand Total: 151 creatures vanquished

Notes
Turn   | Place    | Note
-------+----------+-------------------------------------------
     0 | D:1      | octoduck the Draconian Artificer began the quest for the
                  | Orb.
     0 | D:1      | Reached XP level 1. HP: 16/16 MP: 1/1
   545 | D:1      | Reached XP level 2. HP: 23/23 MP: 2/2
  1408 | D:1      | Identified a scroll of acquirement
  1408 | D:1      | Acquired the +3 Mad Mage's Maulers {Infuse+∞ RegenMP Int-3}
  1408 | D:1      | Found the +3 Mad Mage's Maulers {Infuse+∞ RegenMP Int-3}
  1584 | D:2      | Reached XP level 3. HP: 28/28 MP: 0/3
  2916 | D:3      | Found an ancient bone altar of Kikubaaqudgha.
  2927 | D:3      | Reached XP level 4. HP: 36/36 MP: 1/4
  3194 | D:4      | Noticed Blork the orc
  3477 | D:4      | Noticed an ogre
  3500 | D:4      | Killed an ogre
  3501 | D:4      | Reached skill level 2 in Axes
  3501 | D:4      | Reached skill level 5 in Evocations
  3501 | D:4      | Reached XP level 5. HP: 41/41 MP: 5/5
  3558 | D:4      | Killed Blork the orc
  3559 | D:4      | Reached skill level 3 in Axes
  3644 | D:3      | Reached XP level 6. HP: 42/48 MP: 1/6
  3989 | D:5      | Entered Level 5 of the Dungeon
  4106 | D:5      | Reached skill level 4 in Axes
  4297 | D:5      | Found a broken altar of Ashenzari.
  4338 | D:5      | Became a worshipper of Ashenzari the Shackled
  4440 | D:5      | Your scales start taking on an icy white colour.
  4440 | D:5      | Reached XP level 7. HP: 49/53 MP: 1/7
  4440 | D:5      | Gained mutation: Your flesh is cold resistant. (rC+) [White
                  | Draconian growth]
  4445 | D:5      | Found a white marble altar of Elyvilon.
  4480 | D:5      | Reached skill level 5 in Axes
  4904 | D:5      | Found a runed translucent door.
  4904 | D:5      | Noticed Loveship's ghost (amateur DsTm)
  4969 | D:6      | Noticed Maggie
  5129 | D:7      | Found a radiant altar of Vehumet.
  5318 | D:7      | Noticed a steam dragon
  5324 | D:7      | Killed a steam dragon
  5340 | D:7      | Reached skill level 6 in Axes
  5858 | D:6      | Killed Maggie
  5859 | D:6      | Reached skill level 7 in Axes
  5859 | D:6      | Reached XP level 8. HP: 61/61 MP: 8/8
  6061 | D:5      | Found a hide-covered altar of Uskayaw.
  6145 | D:6      | Noticed Eustachio
  6160 | D:6      | Killed Eustachio
  6161 | D:6      | Reached skill level 8 in Axes
  6345 | D:6      | Noticed Edmund
  6355 | D:6      | Killed Edmund
  6359 | D:6      | Found a staircase to the Ecumenical Temple.
  6378 | Temple   | Entered the Ecumenical Temple
  6378 | Temple   | Found a transporter.
  6378 | Temple   | Found a transporter.
  6388 | Temple   | Found a transporter.
  6388 | Temple   | Found a transporter.
  6464 | D:6      | Reached * piety under Ashenzari
  6500 | D:6      | Found a shimmering blue altar of Sif Muna.
  7542 | D:7      | Identified the +1 dagger of the Asp {antimagic, Contam
                  | Fragile Int+4 Dex+6}
  7928 | D:6      | Reached ** piety under Ashenzari
  8267 | D:7      | Reached skill level 9 in Axes
  8267 | D:7      | Reached XP level 9. HP: 51/59 MP: 0/9
  8396 | D:8      | Found a flagged portal.
  8439 | Bailey   | Entered a bailey
  8668 | Bailey   | Slain by an orc warrior

Illustrated notes

Levels and vault maps discovered:
D:1:      amcnicky_arrival_gap_in_the_tavern_cellar, layout_basic
D:2:      layout_rooms
D:3:      layout_rooms, kiku_gazebo_garden_becter
D:4:      layout_cave_pools, uniq_blork_the_orc
D:5:      layout_loops_ring, nicolae_overflow_hidden_temple, elyvilon_altar_3,
          cheibrodos_ashenzari_chains, gammafunk_ghost_grave
D:6:      layout_basic, lemuel_blue_sif_altar, minmay_temple_entry_junction_2,
          nicolae_figureground_pulse, uniq_maggie, uniq_eustachio, uniq_edmund
D:7:      layout_gridville, kennysheep_mini_moat
D:8:      layout_loops_ring, erik_lair_orcish_takeover, enter_bailey_5
Temple:   hellmonk_temple_divided_pantheon
Bailey:   bailey_polearm_flooded_kennysheep, bailey

Skill      XL: |  1  2  3  4  5  6  7  8 |
---------------+-------------------------+-----
Evocations     | 4 5 7 8 |  8.2
Axes           | 2 3 4 7 9 |  9.5
Fighting       | |  1.9
Dodging        | |  2.1
Stealth        | |  0.8

Action                   |  1- 3 |  4- 6 |  7- 9 || total
-------------------------+-------+-------+-------++-------
Melee: Club              |    39 |       |       ||    39
       Dagger            |    44 |       |       ||    44
       Tailslap          |    23 |     7 |    16 ||    46
       Short sword       |    96 |     1 |       ||    97
       Mace              |     3 |       |       ||     3
       War axe           |       |    78 |   149 ||   227
       Punch             |       |       |     1 ||     1
Throw: Dart              |       |     2 |     1 ||     3
       Javelin           |       |       |     3 ||     3
Invok: Curse Item        |       |       |     3 ||     3
 Abil: Breathe Frost     |       |       |     5 ||     5
Evoke: Wand              |       |    10 |    31 ||    41
  Use: Scroll            |    11 |     8 |    11 ||    30
       Potion            |       |       |     4 ||     4
 Stab: Sleeping          |     3 |     1 |       ||     4
       Invisible         |       |       |     4 ||     4
Armor: Skin              |    61 |    40 |   113 ||   214
Dodge: Dodged            |   110 |    74 |   145 ||   329
